 Dungeon Sprint DCSS version 0.22-a0-422-g9628fc8 (webtiles) character file.

13980 Kidiri the Eclecticist (level 11, -8/66 HPs)
             Began as a Deep Elf Fire Elementalist on May 22, 2018.
             Was the Champion of Vehumet.
             Mangled by Gastronok (19 damage)
             ... in the Dungeon (Sprint III: "The Ten Rune Challenge").
             The game lasted 00:22:52 (3780 turns).

Kidiri the Eclecticist (Deep Elf Fire Elementalist) Turns: 3780, Time: 00:22:52

Health: -8/66      AC:  6    Str:  5    XL:     11   Next: 82%
Magic:  0/35       EV: 19    Int: 24    God:    Vehumet [******]
Gold:   40         SH:  0    Dex: 15    Spells: 5/47 levels left

rFire    . . .     SeeInvis .   p - +0 dagger
rCold    . . .     Gourm    .   (no shield)
rNeg     . . .     Faith    .   a - +0 robe
rPois    .         Spirit   .   (helmet restricted)
rElec    .         Reflect  .   (no cloak)
rCorr    .         Harm     .   (no gloves)
MR       +....     NoTele   +   (no boots)
Stlth    ++........             (no amulet)
HPRegen  0.21/turn              (no ring)
MPRegen  0.24/turn              (no ring)

@: hasted, very quick
A: horns 1, iridescent scales 1, thin metallic scales 1, wild magic 1
a: Renounce Religion


You were in the Dungeon.
You worshipped Vehumet.
Vehumet was exalted by your worship.
You were not hungry.

You visited 1 branch You collected 40 gold pieces.

Inventory:

Hand Weapons
 p - a +0 dagger (weapon)
Armour
 a - a +0 robe (worn)
Wands
 r - a wand of disintegration (17)
Scrolls
 j - a scroll of torment {unknown}
 k - 3 scrolls of identify
 l - 3 scrolls of remove curse {unknown}
 n - a scroll of immolation {unknown}
Potions
 b - 2 potions of mutation
 d - a potion of curing
 h - a potion of berserk rage
 m - 2 potions of flight
 o - a potion of lignification {unknown}
Comestibles
 c - 10 rations
 q - 10 chunks of flesh


   Skills:
 + Level 6.6 Fighting
 + Level 8.0 Short Blades
 + Level 6.6 Armour
 + Level 10.0 Dodging
 - Level 2.4 Stealth
 * Level 18.7 Spellcasting
 + Level 12.0 Conjurations
 + Level 12.3 Fire Magic
 + Level 7.2 Ice Magic
 + Level 8.0 Air Magic
 + Level 6.0 Earth Magic
 + Level 8.7 Poison Magic


You had 5 spell levels left.
You knew the following spells:

 Your Spells              Type           Power        Failure   Level  Hunger
a - Flame Tongue          Conj/Fire      #####        1%          1    None
b - Throw Flame           Conj/Fire      ######       1%          2    None
c - Conjure Flame         Conj/Fire      #######.     1%          3    None
d - Inner Flame           Hex/Fire       ######..     1%          3    None
e - Sticky Flame          Conj/Fire      #######.     1%          4    None
f - Fireball              Conj/Fire      #######...   1%          5    None
g - Throw Frost           Conj/Ice       ######       1%          2    None
h - Lightning Bolt        Conj/Air       #######...   1%          5    None
i - Mephitic Cloud        Conj/Pois/Air  ######..     1%          3    None
j - Magic Dart            Conj           ####         1%          1    None
k - Blink                 Tloc           N/A          5%          2    None
l - Summon Small Mammal   Summ           ####         4%          1    None
m - Call Imp              Summ           ####....     5%          2    None
n - Animate Skeleton      Necr           N/A          4%          1    None
o - Apportation           Tloc           ####..       4%          1    None
p - Iron Shot             Conj/Erth      ######....   3%          6    ###....

Your spell library contained the following spells:

 Spells                   Type           Power        Failure   Level  Hunger
 Slow                     Hex            ####....     5%          2    None
 Confusing Touch          Hex            ####..       4%          1    None


Dungeon Overview and Level Annotations

Branches:
Dungeon (1/1)

Altars:
Cheibriados
Dithmenos
Elyvilon
Fedhas
Gozag
Hepliaklqana
Kikubaaqudgha
Makhleb
Nemelex Xobeh
Okawaru
Qazlal
Ru
Sif Muna
Trog
Uskayaw
Vehumet
Wu Jian
Xom
Yredelemnul
Zin
The Shining One
Beogh
Jiyva
Lugonu

Annotations:
D exclusion: 6 doors, Gastronok


Innate Abilities, Weirdness & Mutations

You have a pair of small horns on your head.
You are partially covered in iridescent scales. (AC +2)
You are partially covered in thin metallic scales. (AC +2)
Your spells are a little harder to cast, but a little more powerful.


Message History

Gastronok burns!
Gastronok stops burning.
You hit Gastronok.
Gastronok is severely wounded.
Gastronok bites you!!
* * * LOW HITPOINT WARNING * * *
Unknown command.
Unknown command.
Okay, then.
You feel better.
Unknown command.
Casting: Flame Tongue (safe; 1% risk of failure)
Confirm with . or Enter, or press ? or * to list all spells.
Aiming: Flame Tongue (safe; 1% risk of failure)
Press: ? - help, Shift-Dir - straight line, f/p - Gastronok
Aim: Gastronok, wearing a runed hat (severely wounded, covering ground quickly)
The flame tongue hits Gastronok.
Gastronok is severely wounded.
Unknown command.
You feel yourself speed up. Gastronok bites you!!
You die...

▓.................#___#__+...#.#.
▓▓▓▓▓▓▓▓▓▓▓▓▓▓▓▓▓▓▓▓▓▓▓▓▓▓▓▓▓▓▓▓▓
'≈≈.≈≈§≈≈≈♣♣.....♣♣♣♣≈≈≈....
#≈≈≈§§§r≈≈♣♣.≈≈≈≈+♣♣'♣≈≈≈≈≈≈
#≈≈§§§§≈≈w≈'...†.#.≈♣♣♣♣♣♣♣♣
#≈≈≈≈§≈≈≈≈♣♣♣♣♣♣♣#..♣♣
#≈≈≈≈≈§≈≈≈♣♣.♣ ###+♣♣♣♣♣
▓##+####'#######%♣ ♣♣♣♣.##(.##
▓........)..rbw@.♣ ♣...##.##)#
▓#+#############+♣ ♣♣.##.##.##+
.. ♣..#.##...# ▓. ♣♣.##.##..# ▓
♣♣.##.##### ♣.....# #######


You could see Gastronok, a bat and a rat.

Vanquished Creatures
  Rupert (D)
  2 dire elephants (D)
  Snorg (D)
  A centaur warrior (D)
  Urug (D)
  An unseen horror (D)
  A lindwurm (D)
  A deep elf mage (D)
  2 elephants (D)
  2 spiny frogs (D)
  A rime drake (D)
  A komodo dragon (D)
  A queen bee (D)
  3 wandering mushrooms (D)
  2 tyrant leeches (D)
  5 blink frogs (D)
  A shadow (D)
  3 redbacks (D)
  A spatial vortex (D)
  A swamp drake (D)
  A necrophage (D)
  2 centaurs (D)
  A water elemental (D)
  30 killer bees (D)
  A jelly (D)
  A wizard (D)
  A necromancer (D)
  3 humans (D)
  A kobold demonologist (D)
  2 oozes (D)
  A phantom (D)
  2 rats (D)
78 creatures vanquished.

Vanquished Creatures (collateral kills)
  2 killer bees (D)
2 creatures vanquished.

Vanquished Creatures (others)
  2 draconian scorchers (D)
  2 hydras (D)
  6 hellions (D)
  3 yaktaurs (D)
  An electric eel (D)
  11 plants (D)
25 creatures vanquished.

Grand Total: 105 creatures vanquished

Notes
Turn   | Place    | Note
-------+----------+-------------------------------------------
     0 | D        | Kidiri the Deep Elf Fire Elementalist began the quest for the Orb.
     0 | D        | Reached XP level 1. HP: 10/10 MP: 6/6
     7 | D        | Reached skill level 4 in Spellcasting
   100 | D        | Killed a hellion
   101 | D        | Killed a hellion
   114 | D        | Killed a hellion
   114 | D        | Killed a hellion
   116 | D        | Killed a hellion
   138 | D        | Reached XP level 2. HP: 15/15 MP: 3/9
   151 | D        | Killed a white draconian scorcher
   174 | D        | Killed a white draconian scorcher
   191 | D        | Reached skill level 5 in Spellcasting
   197 | D        | Killed a yaktaur
   205 | D        | Learned a level 2 spell: Throw Flame
   214 | D        | Killed a hellion
   292 | D        | Gained mutation: Your spells are a little harder to cast, but a little more powerful. [potion of mutation]
   292 | D        | Gained mutation: You are partially covered in thin metallic scales. (AC +2) [potion of mutation]
   292 | D        | Gained mutation: You are partially covered in iridescent scales. (AC +2) [potion of mutation]
   292 | D        | Gained mutation: You have a pair of small horns on your head. [potion of mutation]
   344 | D        | Reached skill level 6 in Spellcasting
   344 | D        | Reached XP level 3. HP: 9/19 MP: 0/12
   349 | D        | Learned a level 3 spell: Conjure Flame
   353 | D        | Learned a level 3 spell: Inner Flame
   504 | D        | Noticed a water elemental
   508 | D        | Killed a water elemental
   508 | D        | Reached skill level 8 in Spellcasting
   508 | D        | Reached skill level 5 in Fire Magic
   508 | D        | Reached XP level 4. HP: 24/24 MP: 8/16
   514 | D        | Learned a level 4 spell: Sticky Flame
   559 | D        | Found a radiant altar of Vehumet.
   560 | D        | Found a deep blue altar of Sif Muna.
   560 | D        | Found an ancient bone altar of Kikubaaqudgha.
   560 | D        | Noticed a wizard
   561 | D        | Killed a wizard
   561 | D        | Reached skill level 9 in Spellcasting
   561 | D        | Reached skill level 5 in Conjurations
   575 | D        | Became a worshipper of Vehumet
   628 | D        | Found a glowing silver altar of Zin.
   629 | D        | Found a glowing golden altar of the Shining One.
   629 | D        | Found a white marble altar of Elyvilon.
   629 | D        | Noticed a deep elf mage
   638 | D        | Killed a deep elf mage
   638 | D        | Reached skill level 13 in Spellcasting
   638 | D        | Reached XP level 5. HP: 4/28 MP: 8/23
   638 | D        | Reached XP level 6. HP: 5/32 MP: 8/24
   638 | D        | Reached XP level 7. HP: 5/36 MP: 8/26
   645 | D        | Learned a level 5 spell: Fireball
   649 | D        | Learned a level 3 spell: Mephitic Cloud
   651 | D        | Learned a level 1 spell: Magic Dart
   653 | D        | Learned a level 1 spell: Animate Skeleton
   655 | D        | Learned a level 1 spell: Apportation
   658 | D        | Learned a level 2 spell: Blink
   660 | D        | Learned a level 1 spell: Summon Small Mammal
   663 | D        | Learned a level 2 spell: Call Imp
   894 | D        | Found a hide-covered altar of Uskayaw.
   894 | D        | Found a roughly hewn altar of Beogh.
   894 | D        | Found an iron altar of Okawaru.
   894 | D        | Found a bloodstained altar of Trog.
   894 | D        | Found an ornate altar of the Wu Jian Council.
   894 | D        | Noticed a human
   894 | D        | Noticed a human
   895 | D        | Killed a yaktaur
   899 | D        | Killed a human
   899 | D        | Reached skill level 1 in Fighting
   899 | D        | Reached skill level 1 in Short Blades
   899 | D        | Reached skill level 1 in Armour
   899 | D        | Reached skill level 14 in Spellcasting
   899 | D        | Reached skill level 1 in Air Magic
   899 | D        | Reached skill level 1 in Poison Magic
   905 | D        | Killed a human
   905 | D        | Reached * piety under Vehumet
   905 | D        | Offered knowledge of Freeze by Vehumet.
   993 | D        | Found a basalt altar of Yredelemnul.
   993 | D        | Found a shadowy altar of Dithmenos.
   993 | D        | Found a sacrificial altar of Ru.
  1067 | D        | Noticed a shadow
  1070 | D        | Killed a shadow
  1070 | D        | Reached ** piety under Vehumet
  1070 | D        | Offered knowledge of Searing Ray by Vehumet.
  1070 | D        | Reached XP level 8. HP: 42/44 MP: 19/28
  1115 | D        | Found a blossoming altar of Fedhas.
  1115 | D        | Found a stormy altar of Qazlal.
  1115 | D        | Found a snail-covered altar of Cheibriados.
  1115 | D        | Found a burning altar of Makhleb.
  1115 | D        | Found a shimmering altar of Xom.
  1116 | D        | Found a hazy altar of Hepliaklqana.
  1116 | D        | Found an opulent altar of Gozag.
  1116 | D        | Found a sparkling altar of Nemelex Xobeh.
  1116 | D        | Found a corrupted altar of Lugonu.
  1116 | D        | Found a viscous altar of Jiyva.
  1151 | D        | Killed a yaktaur
  1222 | D        | Noticed Snorg
  1233 | D        | Killed Snorg
  1233 | D        | Offered knowledge of Throw Frost by Vehumet.
  1233 | D        | Reached skill level 5 in Dodging
  1233 | D        | Reached skill level 15 in Spellcasting
  1233 | D        | Reached skill level 10 in Fire Magic
  1233 | D        | Reached XP level 9. HP: 16/51 MP: 13/30
  1237 | D        | Learned a level 2 spell: Throw Frost
  1525 | D        | HP: 1/51 [earth elemental (29)]
  1983 | D        | Noticed a centaur warrior
  1988 | D        | Reached *** piety under Vehumet
  1995 | D        | Killed a centaur warrior
  1995 | D        | Offered knowledge of Force Lance by Vehumet.
  1995 | D        | Reached skill level 10 in Conjurations
  1995 | D        | Reached skill level 5 in Poison Magic
  2061 | D        | Noticed an unseen horror
  2064 | D        | Killed an unseen horror
  2064 | D        | Reached skill level 5 in Short Blades
  2064 | D        | Reached skill level 16 in Spellcasting
  2064 | D        | Reached skill level 5 in Air Magic
  2349 | D        | Noticed a queen bee
  2351 | D        | Reached **** piety under Vehumet
  2351 | D        | Offered knowledge of Lightning Bolt by Vehumet.
  2358 | D        | Learned a level 5 spell: Lightning Bolt
  2374 | D        | Killed a queen bee
  2377 | D        | Reached ***** piety under Vehumet
  2377 | D        | Offered knowledge of Iron Shot by Vehumet.
  2378 | D        | Reached XP level 10. HP: 51/58 MP: 19/32
  2380 | D        | Reached ****** piety under Vehumet
  2487 | D        | Learned a level 6 spell: Iron Shot
  2521 | D        | Reached skill level 5 in Fighting
  2521 | D        | Reached skill level 5 in Armour
  2521 | D        | Reached skill level 17 in Spellcasting
  2521 | D        | Reached skill level 1 in Earth Magic
  2531 | D        | Offered knowledge of Ozocubu's Refrigeration by Vehumet.
  2580 | D        | Noticed a spiny frog
  2580 | D        | Noticed a spiny frog
  2591 | D        | Killed a spiny frog
  2593 | D        | Killed a spiny frog
  2593 | D        | Reached skill level 5 in Ice Magic
  2655 | D        | Killed a four-headed hydra
  2665 | D        | Killed a four-headed hydra
  2773 | D        | Offered knowledge of Conjure Ball Lightning by Vehumet.
  3010 | D        | Noticed a lindwurm
  3014 | D        | Killed a lindwurm
  3272 | D        | Noticed Urug
  3293 | D        | Killed Urug
  3293 | D        | Reached XP level 11. HP: 41/64 MP: 23/34
  3566 | D        | Offered knowledge of Freezing Cloud by Vehumet.
  3593 | D        | Noticed Rupert
  3597 | D        | Paralysed by Rupert for 7 turns
  3606 | D        | Killed Rupert
  3606 | D        | Reached skill level 18 in Spellcasting
  3606 | D        | Reached skill level 5 in Earth Magic
  3650 | D        | Noticed a dire elephant
  3659 | D        | Killed a dire elephant
  3724 | D        | Noticed a dire elephant
  3724 | D        | Noticed Gastronok
  3766 | D        | Killed a dire elephant
  3766 | D        | Offered knowledge of Orb of Destruction by Vehumet.
  3766 | D        | Reached skill level 10 in Dodging
  3780 | D        | Mangled by Gastronok

Vault maps used:
D:        dungeon_sprint_mu

Skill      XL: |  1  2  3  4  5  6  7  8  9 10 11 |
---------------+----------------------------------+-----
Spellcasting   | 4 6 8 13 14 15 16 17 18 | 18.7
Conjurations   | 2 3 4 8 9 10 11 12 | 12.0
Fire Magic     | 4 5 9 10 11 12 | 12.3
Fighting       | 2 3 4 5 6 |  6.6
Short Blades   | 2 4 5 6 8 |  8.0
Armour         | 2 3 4 5 6 |  6.6
Dodging        | 4 5 7 8 10 | 10.0
Air Magic      | 2 4 5 6 8 |  8.0
Poison Magic   | 2 4 5 7 8 |  8.7
Ice Magic      | 3 5 7 |  7.2
Earth Magic    | 3 6 |  6.0
Stealth        | |  2.4

Action                   |  1- 3 |  4- 6 |  7- 9 | 10-12 || total
-------------------------+-------+-------+-------+-------++-------
Melee: Unarmed           |     1 |       |       |       ||     1
       Dagger            |       |       |     3 |    13 ||    16
       Headbutt          |       |       |       |     4 ||     4
 Cast: Flame Tongue      |    23 |     2 |    45 |    36 ||   106
       Throw Flame       |     4 |       |       |     2 ||     6
       Conjure Flame     |     1 |       |     3 |     5 ||     9
       Sticky Flame      |       |     4 |     9 |    12 ||    25
       Inner Flame       |       |       |     5 |     2 ||     7
       Mephitic Cloud    |       |       |     4 |     5 ||     9
       Fireball          |       |       |     2 |    11 ||    13
       Magic Dart        |       |       |    42 |       ||    42
       Summon Small Mamm |       |       |     1 |       ||     1
       Call Imp          |       |       |     1 |       ||     1
       Lightning Bolt    |       |       |       |    16 ||    16
       Throw Frost       |       |       |       |     2 ||     2
       Blink             |       |       |       |     2 ||     2
       Iron Shot         |       |       |       |     6 ||     6
  Use: Potion            |     1 |       |       |     7 ||     8
       Scroll            |       |       |       |     1 ||     1
 Stab: Sleeping          |       |       |       |     1 ||     1
  Eat: Chunk             |       |       |     1 |     2 ||     3
       Ration            |       |       |     1 |     1 ||     2
Armor: Robe              |     3 |       |     2 |     4 ||     9
Dodge: Dodged            |     6 |     2 |    18 |    28 ||    54

Table legend:
 A = Spawn XP
 B = Non-spawn XP
 C = Spawn XP percentage of total XP
 D = Spawn monster count
 E = Non-spawn monster count
 F = Spawn count percentage of total count
 G = Total turns spent on level
                    A         B        C        D         E        F      G
               +---------+---------+-------+---------+---------+-------+---------
         Total |       0 |   19972 |   0.0 |       0 |      80 |   0.0 |  3780
               +---------+---------+-------+---------+---------+-------+---------
             D |       0 |   19972 |   0.0 |       0 |      80 |   0.0 |  3780
               +---------+---------+-------+---------+---------+-------+---------
